 Dungeon Crawl Stone Soup version 0.31-a0-165-g3f4f80340b (webtiles) character file.

Game seed: 38455435286177123

287 qw the Shooter (level 6, -1/38 HPs)
             Began as a Gargoyle Hunter on June 13, 2023.
             Slain by a gnoll
             ... wielding a +0 spear
              (3 damage)
             ... on level 3 of the Dungeon.
             The game lasted 00:00:46 (1771 turns).

qw the Shooter (Gargoyle Hunter)                    Turns: 1771, Time: 00:00:47

Health: -1/38      AC:  7    Str: 14    XL:     6   Next: 30%
Magic:  6/6        EV: 11    Int: 10    God:
Gold:   96         SH:  0    Dex: 15    Spells: 5/5 levels left

rFire   . . .        Y - +0 shortbow
rCold   . . .        (shield currently unavailable)
rNeg    + . .        c - +0 leather armour
rPois   inf          (no helmet)
rElec   +            (no cloak)
rCorr   .            (no gloves)
SInv    .            (no boots)
Will    .....        (no amulet)
Stlth   ++           (no ring)
HPRegen 0.26/turn    (no ring)
MPRegen 0.10/turn

%: no passive effects
@: about to teleport
A: sickness immunity, AC +4, negative energy resistance 1, electricity
resistance, torment resistance 1, petrification resistance
a: no special abilities


You were on level 3 of the Dungeon.
You visited 1 branch of the dungeon, and saw 3 of its levels.

You collected 116 gold pieces.
You spent 20 gold pieces at shops.


Innate Abilities, Weirdness & Mutations

You are immune to sickness and miasma.
Your stone body is resilient. (AC +4)
You are immune to poison.
You resist negative energy. (rN+)
You are resistant to electric shocks. (rElec)
You are resistant to unholy torment.
You are immune to petrification.


   Skills:
 - Level 4.0 Fighting
 + Level 6.6 Ranged Weapons
 - Level 1.5 Dodging
 - Level 1.1 Stealth


You had 5 spell levels left.
You didn't know any spells.
Your spell library was empty.

Inventory:

Hand Weapons
 Y - a +0 shortbow (weapon)
Armour
 c - a +0 leather armour (worn)
 d - a +0 ring mail
Jewellery
 h - a ring of see invisible
Scrolls
 a - a scroll of identify
Potions
 e - a potion of degeneration {unknown}
 f - a potion of ambrosia {unknown}
 g - a potion of enlightenment {unknown}

Dungeon Overview and Level Annotations

Branches:
Dungeon (3/15)

Altars:

Shops:
D:1 *

Annotations:
D:2 1 runed translucent door, Crazy Yiuf


Message History

The bat hits you but does no damage. x3; The gnoll hits you but does no damage.
You shoot an arrow. The arrow hits the bat.
The bat is heavily wounded.
The bat misses you. The bat hits you but does no damage.
The gnoll hits you from afar with a +0 spear.
You shoot an arrow. The arrow hits the bat!
You kill the bat!
You hear a shout!
The gnoll throws a throwing net.
The throwing net barely misses you.
The gnoll hits you from afar with a +0 spear.
You shoot an arrow.
The arrow hits the gnoll but does no damage.
The gnoll completely misses you.
You shoot an arrow. The arrow hits the gnoll.
The gnoll is lightly wounded.
You hear a shout!
The gnoll hits you from afar with a +0 spear.
The gnoll closely misses you.
You shoot an arrow. The arrow hits the gnoll.
The gnoll is heavily wounded.
The gnoll hits you from afar with a +0 spear.
The gnoll hits you with a +0 flail.
You shoot an arrow. The arrow hits the gnoll.
The gnoll is severely wounded.
The gnoll hits you from afar with a +0 spear.
The gnoll hits you with a +0 flail.
You shoot an arrow. The arrow hits the gnoll.
The gnoll is almost dead.
The gnoll hits you from afar with a +0 spear.
The gnoll misses you.
You shoot an arrow. The arrow hits the gnoll!
You kill the gnoll!
The gnoll hits you from afar with a +0 spear.
1770 ||| READING scroll of teleportation.
As you read the scroll of teleportation, it crumbles to dust.
You feel strangely unstable.
The gnoll hits you from afar with a +0 spear.
You shoot an arrow. The arrow closely misses the gnoll.
The gnoll hits you from afar with a +0 spear. x2
You die...

#.# #.# .... #.. #.# ..
... #.. #.# #.. ... #.#
g.## .. #.#... ...#.######
#.#.. g......... #.#..####
.........
#.#.....########g...#
#.#.###.##(...@)....#
#.#.(........###.#..###
#.#..............#.....
###<#...........#.........
................#.##......
###.#...........#.# ......
#.#.............. .####
#.#.............# ##
#.#..........####


You could see a gnoll.

Vanquished Creatures
  Sigmund (D:2)
  Jessica (D:2)
  A gnoll (D:3)
  4 adders
  A worm (D:2)
  2 dart slugs
  4 orcs
  5 endoplasms
  3 giant cockroaches
  5 goblins
  5 hobgoblins
  4 jackals (D:3)
  4 kobolds (D:1)
  A quokka (D:3)
  4 ball pythons
  5 bats
  3 frilled lizards (D:1)
  3 rats
56 creatures vanquished.

Notes
Turn   | Place    | Note
-------+----------+-------------------------------------------
     0 | D:1      | qw the Gargoyle Hunter began the quest for the Orb.
     0 | D:1      | Reached XP level 1. HP: 12/12 MP: 1/1
     0 | D:1      | 0 ||| qw: Version: 0.2-a-29-gc1b59c4
     0 | D:1      | 0 ||| qw: Game counter: 4719
     0 | D:1      | 0 ||| qw: Always use a shield: true
     0 | D:1      | 0 ||| qw: God list: Okawaru
     0 | D:1      | 0 ||| qw: Allow faded altars: false
     0 | D:1      | 0 ||| qw: Do Orc after D:15 true
     0 | D:1      | 0 ||| qw: Do second Lair branch before Depths: true
     0 | D:1      | 0 ||| qw: Lair rune preference: random
     0 | D:1      | 0 ||| qw: Plans: Normal, Zot:1-4, Slime:5, God:TSO, Crypt,
                  | Tomb, Abyss, Pan, Hells, Win
     0 | D:1      | 0 ||| PLANNING D:1-11
    91 | D:1      | Reached XP level 2. HP: 17/17 MP: 2/2
   375 | D:1      | Found Tadudd's Assorted Antiques.
   386 | D:1      | 386 ||| SHOPLISTING iron wand (92 gold, have 21).
   386 | D:1      | 386 ||| SHOPLISTING pair of gloves (103 gold, have 21).
   386 | D:1      | 386 ||| SHOPLISTING scroll labelled DOYJ RUEKH (23 gold,
                  | have 21).
   386 | D:1      | 386 ||| BUYING yellow potion (20 gold).
   386 | D:1      | Bought a yellow potion for 20 gold pieces
   600 | D:1      | 600 ||| READING scroll labelled CUCVIW YWAPH.
   601 | D:1      | 601 ||| READING scroll labelled SOYKEMA TOXTEANKYTS.
   602 | D:1      | 602 ||| READING scroll labelled BELEMI UMEPHUSK.
   607 | D:1      | 607 ||| DROPPING scroll of butterflies.
   613 | D:2      | Reached XP level 3. HP: 21/21 MP: 3/3
   706 | D:2      | Reached skill level 5 in Ranged Weapons
   782 | D:2      | Found a faded altar of an unknown god.
   797 | D:2      | Noticed Jessica
   800 | D:2      | Killed Jessica
   801 | D:2      | Reached skill level 3 in Fighting
   801 | D:2      | Reached XP level 4. HP: 27/28 MP: 4/4
   814 | D:2      | Noticed Sigmund
   837 | D:2      | HP: 7/28 [Sigmund/+0 scythe (9)]
   843 | D:2      | Killed Sigmund
   844 | D:2      | Reached skill level 6 in Ranged Weapons
   844 | D:2      | Reached XP level 5. HP: 10/32 MP: 5/5
  1111 | D:2      | Reached XP level 6. HP: 37/37 MP: 6/6
  1279 | D:2      | Found a runed translucent door.
  1280 | D:2      | Noticed Crazy Yiuf
  1523 | D:2      | 1523 ||| READING scroll labelled VONKILLICVIRGH.
  1524 | D:2      | 1524 ||| READING scroll labelled LAANEA KODA.
  1525 | D:2      | 1525 ||| READING scroll labelled XIPUOH BYUPHOPE.
  1755 | D:3      | 1755 ||| Stepping ~*~*~tactically~*~*~ (outnumbered).
  1758 | D:3      | 1758 ||| Stepping ~*~*~tactically~*~*~ (outnumbered).
  1769 | D:3      | HP: 6/38 [gnoll/+0 spear (6)]
  1770 | D:3      | 1770 ||| READING scroll of teleportation.
  1771 | D:3      | HP: 2/38 [gnoll/+0 spear (4)]
  1771 | D:3      | Slain by a gnoll

Levels and vault maps discovered:
D:1:      co_arrival_square_in_a_square_in_a_square, layout_loops_ring,
          serial_shops, nicolae_diamond_shop
D:2:      layout_loops_ring, shapermc_ecumenical_altar_notcrosses, uniq_sigmund,
          uniq_jessica, uniq_crazy_yiuf_cottage
D:3:      layout_basic, uniq_natasha

Skill      XL: |  1  2  3  4  5  6 |
---------------+-------------------+-----
Ranged Weapons | 5 6 |  6.6
Fighting       | 3 4 |  4.0
Dodging        | |  1.5
Stealth        | |  1.1

Action                     |  1- 3 |  4- 6 || total
---------------------------+-------+-------++-------
   Fire: Shortbow          |    87 |   125 ||   212
    Use: Scroll            |     3 |     4 ||     7
 Armour: Leather armour    |    11 |    37 ||    48
  Dodge: Dodged            |    13 |    37 ||    50

Table legend:
 A = Non-vault XP
 B = Vault XP
 C = Vault XP percentage of total XP
 D = Non-vault monster count
 E = Vault monster count
 F = Vault count percentage of total count
                 A         B        C        D         E       F
            +---------+---------+-------+---------+---------+-------
      Total |     160 |     251 |  61.1 |      54 |       2 |   3.6
            +---------+---------+-------+---------+---------+-------
        D:1 |      32 |       0 |   0.0 |      21 |       0 |   0.0
        D:2 |      45 |     251 |  84.8 |      15 |       2 |  11.8
        D:3 |      83 |       0 |   0.0 |      18 |       0 |   0.0
            +---------+---------+-------+---------+---------+-------
